 Dungeon Crawl Stone Soup version 0.30.1 (webtiles) character file.

Game seed: 12019378151139732012

263 Labrat the Conjurer (level 6, -2/41 HPs)
             Began as a Human Conjurer on July 2, 2023.
             Slain by an orc wizard
             ... wielding a +0 dagger
              (3 damage)
             ... on level 4 of the Dungeon.
             The game lasted 00:07:27 (3440 turns).

Labrat the Conjurer (Human Conjurer)                Turns: 3440, Time: 00:07:27

Health: -2/41      AC:  3    Str:  7    XL:     6   Next: 43%
Magic:  12/12      EV: 12    Int: 20    God:
Gold:   207        SH:  0    Dex: 12    Spells: 1/13 levels left

rFire   . . .        (no weapon)
rCold   . . .        (no shield)
rNeg    . . .        a - +0 robe
rPois   .            (no helmet)
rElec   .            (no cloak)
rCorr   .            c - +0 pair of gloves
SInv    .            (no boots)
Will    .....        (no amulet)
Stlth   ++           e - ring of wizardry
HPRegen 0.26/turn    v - ring of wizardry
MPRegen 0.13/turn

%: wizardry (x2)
@: no status effects
A: no striking features
a: no special abilities


You were on level 4 of the Dungeon.
You visited 1 branch of the dungeon, and saw 4 of its levels.

You collected 207 gold pieces.

Inventory:

Missiles
 s - 6 poisoned darts
Armour
 a - a +0 robe (worn)
 c - a +0 pair of gloves (worn)
Jewellery
 e - a ring of wizardry (left hand)
 v - a ring of wizardry (right hand)
Scrolls
 f - a scroll of butterflies {unknown}
 g - 5 scrolls of identify {unknown}
 i - 2 scrolls of immolation {unknown}
 j - 2 scrolls of enchant armour {unknown}
 k - a scroll of amnesia {unknown}
 l - a scroll of noise {unknown}
 m - 3 scrolls of teleportation {unknown}
 n - a scroll of fog {unknown}
Potions
 d - 4 potions of curing {unknown}
 h - 3 potions of heal wounds {unknown}
 o - 2 potions of mutation {unknown}
 p - a potion of haste {unknown}
 q - a potion of lignification {unknown}
 t - 2 potions of degeneration {unknown}
 u - a potion of flight {unknown}


   Skills:
 - Level 2.0 Dodging
 - Level 2.0 Stealth
 + Level 4.3 Spellcasting
 + Level 5.8 Conjurations


You had one spell level left.
You knew the following spells:

 Your Spells              Type           Power      Damage    Failure   Level
a - Magic Dart            Conj           100%       1d8       1%          1
b - Searing Ray           Conj           54%        2d6       1%          2
c - Iskenderun's Battles  Conj           27%        2d8       9%          5
d - Iskenderun's Mystic   Conj/Tloc      16%        2d5       11%         4

Your spell library contained the following spells:

 Spells                   Type           Power      Damage    Failure   Level
 Dazzling Flash           Conj/Hex       32%        N/A       3%          3
 Fulminant Prism          Conj/Hex       8%         3d7       11%         4
 Iron Shot                Conj/Erth      8%         9d3       78%         6
 Spellforged Servitor     Conj/Summ      8%         N/A       99%         7


Dungeon Overview and Level Annotations

Branches:
Dungeon (4/15)
 Temple: D:4-7

Altars:
Gozag
Kikubaaqudgha
Sif Muna
Wu Jian


Message History

* * * LOW HITPOINT WARNING * * *
Unknown command.
Casting: Iskenderun's Mystic Blast (quite dangerous; 11% risk of failure)
Confirm with . or Enter, or press ? or * to list all spells.
Aiming: Searing Ray (safe; 1% risk of failure)
Press: ? - help, Shift-Dir - straight line, f - Menkaure
Aim: Menkaure (90% to hit)
The searing ray hits Menkaure!
Menkaure is moderately damaged. (Press . to maintain the ray.)
Something hits you but does no damage.
The searing ray hits Menkaure.
Menkaure is heavily damaged.
Something hits you.
* * * LOW HITPOINT WARNING * * *
The searing ray hits something.
The searing ray hits Menkaure!
Menkaure is severely damaged.
Something hits you.
* * * LOW HITPOINT WARNING * * *
Unknown command.
Aiming: Fastroot
Press: ? - help, Shift-Dir - straight line, p - Menkaure The roots erupt in riotous growth!
Roots grab Menkaure.
The now-empty wand crumbles to dust.
The grasping roots constrict Menkaure.
Menkaure mumbles some strange words.
Menkaure seems to speed up.
Something hits you.
* * * LOW HITPOINT WARNING * * *
Unknown command.
Unknown command.
Unknown command.
You aren't carrying any items that you can evoke.
Unknown command.
Unknown command.
You aren't carrying any items that you can evoke.
Unknown command.
Magic courses through your body.
The grasping roots constrict Menkaure!
You destroy Menkaure!
Something hits you.
You die...

..........# ###
..........# ..........#
.# ..........# .#
....[.....# ####.#####
..........#### #.........
.............# #.........
..........## #.........
######.#'###+###@........
#.#.......#{.)......
#.#.......#.........
#.#.......#.))......
#.#.###+###.........
#.#...# ###.........
#...#.# #......#####
###.#.#.#.######
#.#.#.#.##


There were no monsters in sight!

Vanquished Creatures
  Menkaure (D:4)
  A scorpion (D:2)
  A jelly (D:4)
  An orc wizard (D:4)
  7 adders
  A worm (D:2)
  A dart slug (D:1)
  7 orcs
  6 bats
  5 endoplasms
  3 giant cockroaches
  5 goblins
  7 hobgoblins
  3 jackals (D:2)
  9 kobolds
  3 quokkas
  8 ball pythons
  8 frilled lizards
  3 rats
80 creatures vanquished.

Notes
Turn   | Place    | Note
-------+----------+-------------------------------------------
     0 | D:1      | Labrat the Human Conjurer began the quest for the Orb.
     0 | D:1      | Reached XP level 1. HP: 13/13 MP: 3/3
   236 | D:1      | Reached XP level 2. HP: 15/19 MP: 1/5
   239 | D:1      | Learned a level 2 spell: Searing Ray
   651 | D:1      | Reached XP level 3. HP: 24/24 MP: 0/6
  1455 | D:2      | Noticed a scorpion
  1476 | D:2      | Killed a scorpion
  1477 | D:2      | Reached skill level 5 in Conjurations
  1477 | D:2      | Reached XP level 4. HP: 30/30 MP: 3/9
  1477 | D:2      | Reached XP level 5. HP: 35/35 MP: 3/10
  2710 | D:3      | Reached XP level 6. HP: 41/41 MP: 2/11
  2928 | D:3      | Found a faded altar of an unknown god.
  3206 | D:4      | Found an ornate altar of the Wu Jian Council.
  3208 | D:4      | Found an ancient bone altar of Kikubaaqudgha.
  3301 | D:4      | Learned a level 5 spell: Iskenderun's Battlesphere
  3306 | D:4      | Learned a level 4 spell: Iskenderun's Mystic Blast
  3312 | D:4      | Found a shimmering blue altar of Sif Muna.
  3312 | D:4      | Found an opulent altar of Gozag.
  3386 | D:4      | Noticed Menkaure
  3439 | D:4      | HP: 1/41 [something (2)]
  3440 | D:4      | Killed Menkaure
  3440 | D:4      | Slain by an orc wizard

Illustrated notes

Levels and vault maps discovered:
D:1:      psy_arrival_radial02, layout_basic, minmay_lizard_pond
D:2:      cheibrodos_old_hovel, layout_loops_ring, kennysheep_path_1,
          minmay_misc_feat_diagonals
D:3:      layout_basic, shapermc_ecumenical_altar_mp_vishouse, minmay_surrounded
D:4:      layout_basic, grunt_temple_overflow_open, uniq_menkaure

Skill      XL: |  1  2  3  4  5  6 |
---------------+-------------------+-----
Spellcasting   | 3 4 |  4.3
Conjurations   | 5 |  5.8
Dodging        | |  2.0
Stealth        | |  2.0

Action                     |  1- 3 |  4- 6 || total
---------------------------+-------+-------++-------
  Melee: Unarmed           |    26 |     5 ||    31
   Cast: Magic Dart        |    60 |    62 ||   122
         Searing Ray       |     3 |     8 ||    11
         Iskenderun's Myst |       |     1 ||     1
  Evoke: Wand              |       |     2 ||     2
    Use: Potion            |       |     1 ||     1
 Armour: Robe              |     6 |     3 ||     9
  Dodge: Dodged            |    19 |     9 ||    28
